 Seeded DCSS version 0.30.1-3-gfc49f6343a (webtiles) character file.

Game seed: 10268835917846980417 (custom seed)

92265 Cheops the Brawler (level 15, -7/155 (159) HPs)
             Began as a Troll Fighter on Aug 7, 2023.
             Was a High Priest of Wu Jian.
             Mangled by an ettin
             ... wielding a +0 great mace
              (19 damage)
             ... on level 2 of the Orcish Mines on Aug 8, 2023.
             The game lasted 01:54:20 (22232 turns).

Cheops the Brawler (Troll Fighter)                 Turns: 22232, Time: 01:54:21

HP:   -7/155 (159)  AC: 17    Str: 23    XL:     15   Next: 57%
MP:   14/14         EV:  7    Int: 10    God:    Wu Jian [*****.]
Gold: 1478          SH: 15    Dex:  9    Spells: 14/14 levels left

rFire   x .          .
                       - Unarmed
rCold   + + .        K - +4 kite shield
rNeg    + . .        t - +0 ice dragon scales
rPois   +            n - +2 hat {Will+}
rElec   .            v - scarf {harm}
rCorr   +            (gloves unavailable)
SInv    .            (boots unavailable)
Will    ++...        d - amulet of the acrobat Stlth
                     Y - ring "Fasusch" {rPois rN+ rCorr Str-5}
HPRegen 1.25/turn    j - +4 ring of protection
MPRegen 0.14/turn

%: harm (+30% outgoing, +20% incoming), acrobat
@: studying Fighting, lightly drained
A: large, unfitting armour, claws 3, regeneration 1, shaggy fur 1, tough skin 1
a: Renounce Religion, Wall Jump, Serpent's Lash, Heavenly Storm


You were on level 2 of the Orcish Mines.
You worshipped Wu Jian.
Wu Jian was extremely pleased with you.
You visited 4 branches of the dungeon, and saw 22 of its levels.
You also visited: Ice Cave and Volcano.

You collected 1786 gold pieces.
You spent 308 gold pieces at shops.

Inventory:

Hand Weapons
 D - a +1 antimagic war axe
 E - a +2 war axe
 J - a +2 scimitar of flaming
Armour
 a - a +2 robe of resistance
 k - +0 steam dragon scales
 n - a +2 hat of willpower (worn)
 r - a +2 robe of the Archmagi
 t - +0 ice dragon scales (worn)
 v - a scarf of harm (worn)
 I - a +2 robe of willpower
 K - a +4 kite shield (worn)
Magical Staves
 M - a staff of death
Jewellery
 d - an amulet of the acrobat (around neck)
 j - a +4 ring of protection (right claw)
 N - a ring of magical power
 O - a +4 ring of protection
 Q - a ring of poison resistance
 S - a ring of positive energy
 W - a +6 ring of intelligence
 X - a +6 ring of intelligence
 Y - the ring "Fasusch" (left claw) {rPois rN+ rCorr Str-5}
   (You found it on level 13 of the Dungeon)

   [ring of positive energy]

   Str:       It affects your strength (-5).
   rPois:     It protects you from poison.
   rN:        It protects you from negative energy.
   rCorr:     It protects you from acid and corrosion.
Wands
 b - a wand of paralysis (23)
 o - a wand of flame (36) (quivered)
 p - a wand of iceblast (15)
 q - a wand of digging (7)
 R - a wand of polymorph (1)
 Z - a wand of mindburst (6)
Scrolls
 e - 8 scrolls of immolation
 g - 6 scrolls of teleportation
 m - a scroll of magic mapping
 u - 6 scrolls of torment
 w - 6 scrolls of poison
 y - 3 scrolls of fog
 F - 5 scrolls of vulnerability
 H - 3 scrolls of enchant weapon
 T - 2 scrolls of amnesia
 V - a scroll of fear
Potions
 c - a potion of might
 f - 14 potions of curing
 i - 10 potions of attraction {unknown}
 l - 9 potions of ambrosia {unknown}
 s - 3 potions of brilliance
 x - 2 potions of mutation
 z - 3 potions of invisibility
 A - a potion of cancellation
 B - a potion of haste
 C - 2 potions of resistance
 G - 3 potions of magic
 L - 4 potions of lignification
 P - 3 potions of berserk rage
 U - 3 potions of flight


   Skills:
 - Level 13.0 Fighting
 - Level 2.4 Dodging
 - Level 13.0 Shields
 * Level 19.9 Unarmed Combat
 - Level 2.0 Evocations


You had 14 spell levels left.
You didn't know any spells.
Your spell library contained the following spells:

 Spells                   Type           Power      Damage    Failure   Level
 Apportation              Tloc           0%         N/A       90%         1
 Cigotuvi's Dreadful Rot  Necr/Pois/Air  0%         N/A       97%         2
 Ensorcelled Hibernation  Hex/Ice        0%         N/A       97%         2
 Scorch                   Fire           0%         2d5       97%         2
 Gell's Gravitas          Tloc           0%         N/A       99%         3
 Ignite Poison            Fire/Tmut/Pois 0%         N/A       99%         3
 Portal Projectile        Hex/Tloc       0%         N/A       99%         3
 Spider Form              Tmut/Pois      0%         N/A       99%         3
 Stone Arrow              Conj/Erth      0%         3d7       99%         3
 Teleport Other           Tloc           0%         N/A       99%         3
 Tukima's Dance           Hex            0%         N/A       99%         3
 Vhi's Electric Charge    Tloc/Air       0%         N/A       99%         3
 Anguish                  Hex/Necr       0%         N/A       100%        4
 Animate Armour           Summ/Erth      0%         N/A       100%        4
 Cause Fear               Hex            0%         N/A       100%        4
 Flame Wave               Conj/Fire      0%         2d4       100%        4
 Alistair's Intoxication  Tmut/Pois      0%         N/A       100%        5
 Arcjolt                  Conj/Air       0%         1d10      100%        5
 Blade Hands              Tmut           0%         N/A       100%        5
 Freezing Cloud           Conj/Ice/Air   0%         6-21      100%        5
 Dispersal                Tloc           0%         N/A       100%        6
 Plasma Beam              Fire/Air       0%         2x1d11    100%        6
 Simulacrum               Ice/Necr       0%         N/A       100%        6
 Summon Cactus Giant      Summ           0%         N/A       100%        6
 Enfeeble                 Hex            0%         N/A       100%        7
 Ozocubu's Refrigeration  Ice            0%         4d7       100%        7
 Lehudib's Crystal Spear  Conj/Erth      0%         10d2      100%        8
 Polar Vortex             Ice            0%         N/A       100%        9


Dungeon Overview and Level Annotations

Branches:
Dungeon (14/15)            Temple (1/1) D:5            Lair (5/5) D:11
  Swamp (0/4) Lair:2        Snake (0/4) Lair:2        Slime (0/5) Lair:4
    Orc (2/2) D:11            Elf (0/3) Orc:2        Vaults (0/5) D:13
  IceCv (visited)         Volcano (visited)

Altars:
Ashenzari
Cheibriados
Dithmenos
Elyvilon
Fedhas
Gozag
Hepliaklqana
Kikubaaqudgha
Makhleb
Nemelex Xobeh
Okawaru
Qazlal
Ru
Sif Muna
Trog
Uskayaw
Vehumet
Wu Jian
Xom
Yredelemnul
Zin
The Shining One

Shops:
D:2 !   D:5 (   D:9 *   D:12 [   D:13 (

Annotations:
Orc:2 Saint Roka


Innate Abilities, Weirdness & Mutations

You are too large for most types of armour.
You have claws for hands.
Your natural rate of healing is unusually fast.
You are covered in fur. (AC +1)
You have tough skin. (AC +1)


Message History

The orc attacks as you move away! You block the orc's attack.
You feel less exhausted.
The orc priest mumbles some strange prayers to Beogh against you.
Beogh smites you!
* * * LOW HITPOINT WARNING * * *
You hear a shout!
You eviscerate the orc!!!
You kill the orc!
The Council accepts your kill.
An orc warrior comes into view. It is wielding a +0 scimitar.
An orc comes into view. It is wielding a +0 dagger.
The orc priest miscasts a cantrip.
An ettin comes into view.
It is wielding a +0 great mace and a +0 dire flail.
The orc shouts!
The ettin shouts in stereo!
You hear a shout!
Aiming: Dig
Press: ? - help, Shift-Dir - straight line A rock wall.
The rock shatters into small pieces.
You lunge at the orc.
You eviscerate the orc!!!
You kill the orc!
The Council accepts your kill. You block the orc wizard's attack.
You mangle the orc wizard!!
You kill the orc wizard!
The Council accepts your kill.
You swing at nothing.
You lunge at the ettin.
You barely miss the ettin.
An orc priest comes into view. It is wielding a +0 hand axe.
Things that are here:
a +0 dagger; a +0 robe The ettin attacks as you move away!
The ettin hits you with a +0 great mace!!
* * * LOW HITPOINT WARNING * * *
You block the ettin's attack.
You hear a shout!
You claw the ettin!
The ettin is moderately wounded.
You block the ettin's attack.
The ettin hits you with a +0 dire flail!
You die...

,***#...........o......,,,,,,*,**
,*,*.......#.#.........,,,,,****
,,,,.........$.........,,,,**
,*,*........)#.........,,,,,***
***,............o......,,,,,,,**
**........#....o.....,,,,,,,,*
**#.#.#####o#...##,**,,*,*,**
#*##* ##C####*********** ##@# ###


You could see an ettin and an orc.

Vanquished Creatures
  Rupert (Lair:3)
  Gastronok (D:8)
  Harold (D:9)
  Josephine (D:13)
  A fire dragon (Lair:5)
  2 vault guards (D:13)
  5 hydras
  Erolcha (D:9)
  Erica (D:8)
  5 boulder beetles
  14 death yaks
  2 two-headed ogres
  2 centaur warriors
  Amaemon (Lair:2)
  3 skeletal warriors (D:12)
  A skyshark (Lair:5)
  A fire crab (Volcano)
  3 lindwurms
  2 wizards (D:13)
  4 necromancers
  A deep elf zephyrmancer (D:7)
  2 ugly things
  3 oklob plants (Lair:4)
  3 cyclopes
  3 orc sorcerers
  3 manticores
  Joseph (D:8)
  11 elephants
  11 black mambas
  2 torpor snails
  An orange demon (Lair:2)
  A gargoyle (D:11)
  2 molten gargoyles (Lair:5)
  An ice statue (IceCv)
  7 cane toads
  2 rime drakes (Lair:5)
  8 freezing wraiths (IceCv)
  A tengu conjurer (D:13)
  11 ice devils (IceCv)
  18 komodo dragons
  6 trolls
  2 polar bears
  A queen bee (Lair:2)
  Prince Ribbit (D:9)
  A tarantella (Lair:1)
  Grinder (D:6)
  A hornet (D:6)
  12 blink frogs
  2 jumping spiders (Lair:1)
  5 slime creatures
  3 vampires
  10 wyverns
  A shadow (D:12)
  Eustachio (D:3)
  8 fire bats (Volcano)
  29 yaks
  Grum (D:9)
  7 wraiths
  17 humans (D:13)
  6 steam dragons
  8 basilisks
  5 death yak simulacra (IceCv)
  5 wargs
  4 vampire mosquitoes
  4 nagas (Lair:2)
  16 water moccasins
  4 acid dragons
  2 harpy simulacra (IceCv)
  Duvessa (D:7)
  5 hell hounds
  2 hydra simulacra (IceCv)
  An ice beast (D:7)
  2 sky beasts
  A black bear (D:6)
  8 orc warriors
  8 ogres
  13 wolves
  9 centaurs
  A phantom (D:6)
  Blork the orc (D:4)
  21 bullfrogs
  8 gnoll sergeants
  3 cane toad simulacra (IceCv)
  2 two-headed ogre simulacra (IceCv)
  2 scorpions (D:5)
  12 wights
  Dowan (D:7)
  48 killer bees
  6 elephant simulacra (IceCv)
  6 howler monkeys
  2 electric eels
  15 lava snakes
  A hound (D:4)
  2 jellies (D:5)
  4 gnoll boudas
  5 orc priests
  A sleepcap (D:7)
  Jessica (D:3)
  An iguana (D:5)
  Natasha (thrice) (D:4)
  19 orc wizards
  3 polar bear simulacra (IceCv)
  3 wolf simulacra (IceCv)
  13 gnolls
  11 adders
  A naga simulacrum (IceCv)
  A shadow imp (D:7)
  4 white imps
  4 ufetubi
  2 worms
  4 dart slugs
  38 orcs
  3 bats (D:1)
  9 endoplasms
  3 giant cockroaches
  10 goblins
  3 hobgoblins
  2 jackals (D:1)
  8 kobolds
  5 quokkas
  7 ball pythons
  3 frilled lizards
  11 rats
670 creatures vanquished.

Vanquished Creatures (others)
  A deep elf pyromancer (D:13)
  An adder (D:6)
  2 orcs (Orc:2)
4 creatures vanquished.

Grand Total: 674 creatures vanquished

Notes
Turn   | Place    | Note
-------+----------+-------------------------------------------
     0 | D:1      | Cheops the Troll Fighter began the quest for the Orb.
     0 | D:1      | Reached XP level 1. HP: 22/22 MP: 0/0
    67 | D:1      | Reached XP level 2. HP: 29/29 MP: 1/1
   210 | D:1      | Reached XP level 3. HP: 33/36 MP: 2/2
   316 | D:1      | Reached skill level 3 in Unarmed Combat
   435 | D:2      | Found Nywunuuj's Distillery.
   509 | D:2      | Bought a potion of curing for 33 gold pieces
   595 | D:2      | Reached XP level 4. HP: 32/44 MP: 3/3
   619 | D:2      | Identified the +1 leather armour "Yrablel" {rC+ rN+}
   945 | D:2      | Found a white marble altar of Elyvilon.
  1322 | D:3      | Found a basalt altar of Yredelemnul.
  1385 | D:3      | Reached skill level 4 in Unarmed Combat
  1385 | D:3      | Reached XP level 5. HP: 32/53 MP: 4/4
  2017 | D:3      | Noticed Jessica
  2023 | D:3      | Killed Jessica
  2230 | D:4      | Reached XP level 6. HP: 61/61 MP: 5/5
  2300 | D:4      | Reached skill level 5 in Unarmed Combat
  2314 | D:4      | Noticed Blork the orc
  2330 | D:4      | Noticed Eustachio
  2341 | D:4      | Killed Blork the orc
  2373 | D:3      | Killed Eustachio
  2374 | D:3      | Reached XP level 7. HP: 67/70 MP: 6/6
  2425 | D:4      | Found a stormy altar of Qazlal.
  2640 | D:4      | Noticed Natasha
  2654 | D:4      | Killed Natasha
  2657 | D:4      | Found a glowing golden altar of the Shining One.
  2743 | D:4      | Noticed Natasha
  2753 | D:4      | Killed Natasha
  2754 | D:4      | Reached skill level 1 in Evocations
  2882 | D:4      | Noticed Natasha
  2886 | D:4      | Killed Natasha
  3038 | D:5      | Entered Level 5 of the Dungeon
  3078 | D:5      | Reached skill level 6 in Unarmed Combat
  3134 | D:5      | Found Pomoobu's Weapon Shoppe.
  3303 | D:5      | Found a broken altar of Ashenzari.
  3411 | D:5      | Reached XP level 8. HP: 75/79 MP: 7/7
  3440 | D:5      | Found a staircase to the Ecumenical Temple.
  3589 | Temple   | Entered the Ecumenical Temple
  3730 | Temple   | Became a worshipper of the Wu Jian Council
  4024 | D:6      | Found a hide-covered altar of Uskayaw.
  4060 | D:6      | Found a blossoming altar of Fedhas.
  4090 | D:6      | Noticed Grinder
  4110 | D:6      | Reached skill level 5 in Shields
  4110 | D:6      | Reached skill level 7 in Unarmed Combat
  4119 | D:6      | Killed Grinder
  4202 | D:6      | Reached skill level 5 in Fighting
  4217 | D:6      | Noticed a hornet
  4222 | D:6      | Killed a hornet
  4223 | D:6      | Reached skill level 8 in Unarmed Combat
  4245 | D:6      | Reached XP level 9. HP: 83/86 MP: 8/8
  4265 | D:6      | Found a burning altar of Makhleb.
  4318 | D:6      | Found a shimmering altar of Xom.
  4546 | D:2      | Bought a potion of haste for 110 gold pieces
  4546 | D:2      | Bought a potion of resistance for 110 gold pieces
  4852 | D:7      | Reached * piety under Wu Jian
  4858 | D:7      | Reached skill level 9 in Unarmed Combat
  5058 | D:7      | Noticed Duvessa
  5075 | D:7      | Killed Duvessa
  5088 | D:7      | Noticed Dowan
  5097 | D:7      | Killed Dowan
  5113 | D:7      | Found a sacrificial altar of Ru.
  5440 | D:7      | Reached skill level 10 in Unarmed Combat
  5555 | D:7      | Noticed a deep elf zephyrmancer
  5563 | D:7      | Killed a deep elf zephyrmancer
  5564 | D:7      | Reached XP level 10. HP: 96/100 MP: 9/9
  5642 | D:8      | Noticed Gastronok
  5670 | D:8      | Noticed a two-headed ogre
  5708 | D:8      | Noticed Joseph
  5740 | D:8      | Reached ** piety under Wu Jian
  5802 | D:8      | Killed Joseph
  5850 | D:8      | Noticed Erica
  5861 | D:8      | Killed Erica
  5862 | D:8      | Reached skill level 11 in Unarmed Combat
  5949 | D:8      | Killed a two-headed ogre
  6106 | D:8      | Found a snail-covered altar of Cheibriados.
  6176 | D:8      | Killed Gastronok
  6377 | D:8      | Reached skill level 12 in Unarmed Combat
  6384 | D:8      | Reached XP level 11. HP: 85/109 MP: 10/10
  6892 | D:9      | Noticed Harold
  6903 | D:9      | Noticed Erolcha
  6905 | D:9      | Killed Harold
  6915 | D:9      | Killed Erolcha
  6995 | D:9      | Found Yckoghak's General Store.
  7000 | D:9      | Noticed Prince Ribbit
  7014 | D:9      | Killed Prince Ribbit
  7060 | D:9      | Reached *** piety under Wu Jian
  7149 | D:9      | Noticed Grum
  7156 | D:9      | Killed Grum
  7224 | D:9      | Found a glowing silver altar of Zin.
  7687 | D:10     | Entered Level 10 of the Dungeon
  7938 | D:10     | Noticed a centaur warrior
  7946 | D:10     | Killed a centaur warrior
  7947 | D:10     | Reached skill level 13 in Unarmed Combat
  8268 | D:10     | Found a shadowy altar of Dithmenos.
  8526 | D:11     | Found a staircase to the Orcish Mines.
  8676 | D:11     | Reached **** piety under Wu Jian
  8749 | D:11     | Noticed a two-headed ogre
  8755 | D:11     | Killed a two-headed ogre
  8806 | D:11     | Found a staircase to the Lair.
  9059 | D:11     | Reached XP level 12. HP: 115/122 MP: 11/11
  9147 | D:11     | Noticed a boulder beetle
  9168 | D:11     | Killed a boulder beetle
  9168 | D:11     | Reached skill level 14 in Unarmed Combat
  9496 | D:12     | HP: 1/122 [something (10)]
  9719 | D:2      | Bought a potion of heal wounds for 55 gold pieces
 10160 | D:12     | Found a white marble altar of Elyvilon.
 10522 | D:12     | Found Nyuquc's Armour Boutique.
 10998 | D:12     | Found a white marble altar of Elyvilon.
 11189 | D:12     | Reached skill level 10 in Shields
 11331 | D:12     | Found Nyuquc's Armour Boutique.
 11398 | D:12     | Found a white marble altar of Elyvilon.
 11724 | D:13     | Noticed a centaur warrior
 11735 | D:13     | Killed a centaur warrior
 11993 | D:13     | Found Gaygruc's Weapon Boutique.
 12205 | D:13     | Noticed Josephine
 12214 | D:13     | Reached skill level 15 in Unarmed Combat
 12224 | D:13     | Killed Josephine
 12373 | D:13     | Identified the ring "Fasusch" {rPois rN+ rCorr Str-5}
 12516 | D:13     | Reached XP level 13. HP: 132/132 MP: 12/12
 12553 | D:13     | Found a gate to the Vaults.
 13089 | D:13     | Found Gaygruc's Weapon Boutique.
 13218 | D:13     | Found a gate to the Vaults.
 13306 | D:14     | Found an ancient bone altar of Kikubaaqudgha.
 13461 | D:14     | Noticed an ettin
 13560 | D:14     | Reached skill level 10 in Fighting
 13653 | Lair:1   | Entered Level 1 of the Lair of Beasts
 13703 | Lair:1   | Reached skill level 16 in Unarmed Combat
 13773 | Lair:1   | Found a dark tunnel.
 13798 | Volcano  | Entered a volcano
 14126 | Volcano  | Found a burning altar of Makhleb.
 14396 | Lair:1   | Found a runed translucent door.
 14463 | Lair:1   | Reached ***** piety under Wu Jian
 15095 | Lair:1   | Found a runed translucent gate.
 15104 | Lair:1   | Found a runed translucent gate.
 15136 | Lair:1   | Found a runed translucent gate.
 15136 | Lair:1   | Found a runed translucent gate.
 15136 | Lair:1   | Found a runed translucent gate.
 15137 | Lair:1   | Found a runed translucent gate.
 15433 | Lair:2   | Found a staircase to the Swamp.
 15523 | Lair:2   | Found a staircase to the Snake Pit.
 15548 | Lair:2   | Reached skill level 17 in Unarmed Combat
 15700 | Lair:2   | Noticed Amaemon
 15710 | Lair:2   | Killed Amaemon
 16012 | Lair:2   | Reached XP level 14. HP: 138/144 MP: 13/13
 16959 | Lair:2   | Identified the +6 leather armour of Peek-a-Boo {Str+2
                  | Int+2}
 17330 | Lair:3   | Noticed Rupert
 17337 | Lair:3   | Paralysed by Rupert for 3 turns
 17345 | Lair:3   | Killed Rupert
 17997 | Lair:4   | You fall into a shaft and drop 1 floor!
 17997 | Lair:5   | Entered Level 5 of the Lair of Beasts
 18278 | Lair:4   | Reached skill level 18 in Unarmed Combat
 18629 | Lair:4   | Found a staircase to the Slime Pits.
 18906 | Lair:4   | Identified the +2 buckler "Ziconip" {Regen+}
 19566 | Lair:5   | Reached XP level 15. HP: 59/156 MP: 14/14
 19921 | Lair:5   | Reached skill level 19 in Unarmed Combat
 20113 | Lair:5   | Found a large runed translucent door.
 20114 | Lair:5   | Found a large runed translucent door.
 20686 | Orc:1    | Entered Level 1 of the Orcish Mines
 20993 | Orc:2    | Entered Level 2 of the Orcish Mines
 21010 | Orc:2    | Found an iron altar of Okawaru.
 21013 | Orc:2    | Found a frozen archway.
 21028 | Orc:2    | Paralysed by an orc sorcerer for 5 turns
 21034 | Orc:2    | Noticed Saint Roka
 21040 | IceCv    | Entered an ice cave
 21379 | IceCv    | Reached ****** piety under Wu Jian
 21457 | IceCv    | Found an ancient bone altar of Kikubaaqudgha.
 22232 | Orc:2    | Mangled by an ettin

Illustrated notes

Levels and vault maps discovered:
D:1:      psy_arrival_dodecagon, layout_rooms, minmay_cupped
D:2:      layout_basic, serial_shops, nicolae_shop_getting_attention,
          basic_altar, minmay_misc_feat_alley, nrook_uturn, minmay_door_square,
          minmay_bisected
D:3:      layout_basic, overflow_temple_1_default, uniq_jessica
D:4:      layout_loops_ring, nicolae_qazlal_general_emergency,
          mainiacjoe_overflow_alcove_2, uniq_blork_the_orc, uniq_natasha,
          uniq_eustachio
D:5:      layout_basic, mainiacjoe_overflow_six_doors_small,
          minmay_temple_entry_tees, serial_shops, nicolae_shop_tiny_waterfront
D:6:      layout_rooms, fedhas_altar_1, mainiacjoe_overflow_24_doors,
          mainiacjoe_overflow_alcove_1, mainiacjoe_overflow_cross_hatched,
          minmay_misc_feat_room, uniq_grinder
D:7:      layout_rooms, hangedman_ru_absence, guppyfry_early_elven_hall,
          uniq_duvessa
D:8:      layout_rooms, marbit_many_paths, pf_guarded_unrand_woodcutter,
          uniq_gastronok, uniq_erica, uniq_joseph
D:9:      layout_cave_pools, zin_scriptorium, serial_shops, shop,
          kennysheep_small_square, uniq_grum, uniq_prince_ribbit1, uniq_erolcha,
          uniq_harold
D:10:     wad_crossroads, layout_basic, mainiacjoe_overflow_paths
D:11:     layout_loops_ring, lair_entry_dummy, minmay_orc_entry_guard_dogs
D:12:     layout_irregular_city, serial_shops, nicolae_shop_mannequins,
          elyvilon_altar_5
D:13:     layout_roguey, grunt_vaults_entry_tiered, serial_shops, shop,
          uniq_josephine
D:14:     layout_loops_ring, nicolae_kikubaaqudgha_miasma_corner,
          nicolae_trove_entry_isolated, kennysheep_island_fort
Temple:   hellmonk_temple_beads
Lair:1:   gammafunk_indiana_jones, layout_small_grid, serial_bayou,
          serial_bayou_pond_e, serial_bayou_shore_a, serial_bayou_ford_a,
          serial_bayou_shore_b, nicolae_volcano_entry_two_sided
Lair:2:   regret_index_bee_streams, layout_layer_cave, swamp_mist_pool,
          minmay_snake_entry_guardpost_large, uniq_amaemon
Lair:3:   layout_cave_pods, uniq_rupert
Lair:4:   layout_regular_city, minmay_slime_entry_oklob_open,
          serial_bayou_pond_a, grunt_megastairs_4
Lair:5:   cheibrodos_lair_end_hotspot, layout_regular_city, st_stairs_8
Orc:1:    layout_diamond_mine
Orc:2:    st_orc_ogre_mass, layout_diamond_mine, serial_shops, shop,
          portal_ice_cave_entry_pillars_1, okawaru_metal_pillars_3,
          uniq_saint_roka

Skill      XL: |  1  2  3  4  5  6  7  8  9 10 11 12 13 14 15 |
---------------+----------------------------------------------+-----
Shields        | 3 4 5 7 8 9 10 11 12 13 | 13.0
Unarmed Combat | 3 4 5 6 8 10 12 13 15 17 18 19 | 19.9
Fighting       | 3 4 5 6 7 8 9 10 11 13 | 13.0
Evocations     | 2 |  2.0
Dodging        | |  2.4

Action                     |  1- 3 |  4- 6 |  7- 9 | 10-12 | 13-15 || total
---------------------------+-------+-------+-------+-------+-------++-------
  Melee: Unarmed           |   130 |   174 |   246 |   595 |  1198 ||  2343
 Invoke: Serpent's Lash    |       |       |       |     4 |     8 ||    12
         Heavenly Storm    |       |       |       |       |     2 ||     2
Ability: Lunge             |       |       |    11 |    31 |    62 ||   104
         Whirlwind         |       |       |       |     5 |    34 ||    39
         Wall Jump         |       |       |       |       |     2 ||     2
  Evoke: Wand              |       |     2 |     2 |    17 |    10 ||    31
    Use: Scroll            |       |     3 |     6 |    11 |    13 ||    33
         Potion            |       |       |     1 |     3 |     9 ||    13
   Stab: Sleeping          |       |       |       |     1 |       ||     1
 Armour: Robe              |    29 |    49 |    62 |    18 |    55 ||   213
         Troll leather arm |       |       |       |    86 |   160 ||   246
         Skin              |       |       |       |       |    33 ||    33
         Ice dragon scales |       |       |       |       |    34 ||    34
  Dodge: Dodged            |    50 |    49 |    69 |   158 |   297 ||   623
  Block: Kite shield       |    48 |    63 |    86 |   275 |   721 ||  1193
